2568 views
Uploaded 2021-11-19 14:49:03
Game version 1.32.10
29:54 long 3on3 ladder game on (6)TimbermawHold
Saved by xzz
2568 views
Uploaded 2021-11-19 14:49:03
Game version 1.32.10
29:54 long 3on3 ladder game on (6)TimbermawHold


144 units @ 22.2k
/ 3.4k
60 buildings @ 10.2k
/ 4.4k



| Healing Salve | 2 | 200 |
| Lesser Clarity Potion | 1 | 70 |
| Scroll of Speed | 1 | 50 |
| total: | 4 | 320g |
| Peon | 15 | 1125 | / | 0 |
| Grunt | 2 | 400 | / | 0 |
| Troll Headhunter | 8 | 1120 | / | 160 |
| Shaman | 9 | 1170 | / | 180 |
| Troll Berserker | 7 | 980 | / | 140 |
| Wind Rider | 6 | 1590 | / | 240 |
| Raider | 1 | 180 | / | 40 |
| total: | 48 | 6565g | / | 760w |
| Watch Tower | 8 | 880 | / | 640 |
| Altar of Storms | 1 | 180 | / | 50 |
| Orc Burrow | 8 | 1280 | / | 320 |
| Barracks | 1 | 180 | / | 50 |
| War Mill | 1 | 205 | / | 0 |
| Voodoo Lounge | 1 | 130 | / | 30 |
| Great Hall | 3 | 1155 | / | 555 |
| Spirit Lodge | 1 | 150 | / | 150 |
| Beastiary | 2 | 290 | / | 280 |
| Stronghold | 1 | 315 | / | 190 |
| Fortress | 1 | 325 | / | 190 |
| total: | 26 | 4450g | / | 2075w |
| 0:04 | Altar of Storms |
| 0:06 | Orc Burrow |
| 0:13 | Peon |
| 0:30 | Barracks |
| 0:31 | Peon |
| 0:52 | Peon |
| 1:05 | Peon |
| 1:20 | War Mill |
| 1:27 | Peon |
| 1:47 | Orc Burrow |
| 1:53 | Grunt |
| 2:07 | Feral Spirit |
| 2:15 | Orc Burrow |
| 2:23 | Voodoo Lounge |
| 3:08 | Troll Headhunter |
| 3:08 | Troll Headhunter |
| 3:30 | Watch Tower |
| 3:39 | Troll Headhunter |
| 3:42 | Peon |
| 3:56 | Healing Salve |
| 4:37 | Stronghold |
| 4:40 | Steel Armor |
| 4:56 | Chain Lighting |
| 4:59 | Troll Headhunter |
| 5:57 | Troll Headhunter |
| 6:01 | Orc Burrow |
| 6:03 | Orc Burrow |
| 6:26 | Steel Ranged Weapons |
| 6:34 | Great Hall |
| 7:27 | Feral Spirit |
| 7:34 | Fortress |
| 8:19 | Endurance Aura |
| 8:41 | Troll Headhunter |
| 8:42 | Troll Regeneration |
| 8:45 | Thorium Ranged Weapons |
| 9:00 | Healing Salve |
| 9:01 | Lesser Clarity Potion |
| 9:02 | Scroll of Speed |
| 9:26 | Spirit Lodge |
| 9:41 | Spiked Barricades |
| 9:44 | Peon |
| 9:44 | Peon |
| 9:48 | Watch Tower |
| 10:17 | Peon |
| 10:34 | Thorium Armor |
| 10:56 | Shaman Adept Training |
| 11:03 | Peon |
| 11:06 | Troll Headhunter |
| 11:47 | Berserker Upgrade |
| 11:51 | Peon |
| 11:52 | Peon |
| 11:53 | Peon |
| 12:13 | Troll Headhunter |
| 12:16 | Shaman |
| 12:43 | Shaman Master Training |
| 12:44 | Shaman |
| 12:45 | Troll Berserker |
| 12:45 | Troll Berserker |
| 12:57 | Watch Tower |
| 13:02 | Watch Tower |
| 13:07 | Healing Wave |
| 13:16 | Shaman |
| 14:08 | Shaman |
| 14:08 | Shaman |
| 14:10 | War Stomp |
| 14:20 | Hex |
| 14:33 | Shaman |
| 14:37 | Orc Burrow |
| 14:55 | Chain Lighting |
| 15:11 | Arcanite Ranged Weapons |
| 15:29 | Watch Tower |
| 16:15 | Beastiary |
| 16:20 | Great Hall |
| 16:27 | Shaman |
| 16:53 | Troll Berserker |
| 16:58 | Orc Burrow |
| 17:16 | Beastiary |
| 17:24 | Great Hall |
| 17:48 | Watch Tower |
| 18:05 | Reinforced Defenses |
| 18:21 | Watch Tower |
| 19:16 | Healing Wave |
| 19:23 | Endurance Aura |
| 19:34 | Wind Rider |
| 19:34 | Wind Rider |
| 19:37 | Grunt |
| 19:38 | Troll Berserker |
| 19:57 | Chain Lighting |
| 20:04 | Peon |
| 20:04 | Peon |
| 20:08 | Watch Tower |
| 20:20 | Envenomed Spears |
| 21:36 | Wind Rider |
| 21:36 | Wind Rider |
| 21:41 | Orc Burrow |
| 21:42 | Troll Berserker |
| 22:21 | Hex |
| 22:43 | War Stomp |
| 22:49 | Wind Rider |
| 23:19 | Shaman |
| 23:21 | Troll Berserker |
| 24:24 | Earth Quake |
| 24:29 | Healing Wave |
| 24:38 | Raider |
| 24:38 | Wind Rider |
| 24:40 | Shaman |
| 24:42 | Troll Berserker |
| Right click | 1391 |
| Select | 522 |
| Build/train/purchase | 110 |
| Chat | 68 |
| Select group | 51 |
| Use ability | 27 |
| Misc. action | 13 |
| Remove unit | 7 |
| Assign group | 3 |
| Minimap ping | 3 |
| Item give/drop | 1 |

| Scroll of Town Portal | 1 | 350 |
| total: | 1 | 350g |
| Acolyte | 5 | 375 | / | 0 |
| Ghoul | 3 | 360 | / | 0 |
| Crypt Fiend | 17 | 3655 | / | 680 |
| Gargoyle | 13 | 2275 | / | 390 |
| Abomination | 4 | 960 | / | 280 |
| Frost Wyrm | 4 | 1540 | / | 480 |
| total: | 46 | 9165g | / | 1830w |
| Spirit Tower | 8 | 1160 | / | 320 |
| Altar of Darkness | 1 | 180 | / | 50 |
| Ziggurat | 9 | 1350 | / | 450 |
| Crypt | 1 | 200 | / | 50 |
| Graveyard | 2 | 430 | / | 0 |
| Tomb of Relics | 2 | 260 | / | 60 |
| Slaughterhouse | 1 | 140 | / | 135 |
| Boneyard | 1 | 175 | / | 200 |
| Halls of the Dead | 1 | 320 | / | 210 |
| Black Citadel | 1 | 325 | / | 230 |
| total: | 17 | 2735g | / | 945w |
| 0:11 | Altar of Darkness |
| 0:18 | Ziggurat |
| 0:24 | Crypt |
| 0:41 | Acolyte |
| 1:04 | Acolyte |
| 1:17 | Graveyard |
| 1:45 | Ziggurat |
| 1:49 | Ghoul |
| 2:12 | Ghoul |
| 2:25 | Carrion Beetles |
| 2:37 | Ghoul |
| 3:03 | Crypt Fiend |
| 3:03 | Crypt Fiend |
| 3:22 | Crypt Fiend |
| 4:18 | Crypt Fiend |
| 4:18 | Crypt Fiend |
| 4:18 | Crypt Fiend |
| 4:50 | Creature Attack |
| 4:50 | Creature Carapace |
| 4:56 | Ziggurat |
| 5:47 | Ziggurat |
| 5:51 | Acolyte |
| 5:53 | Crypt Fiend |
| 5:53 | Crypt Fiend |
| 6:00 | Spiked Carapace |
| 6:26 | Spirit Tower |
| 6:28 | Spirit Tower |
| 6:51 | Carrion Beetles |
| 7:05 | Spirit Tower |
| 7:22 | Ziggurat |
| 8:04 | Halls of the Dead |
| 8:31 | Crypt Fiend |
| 8:31 | Crypt Fiend |
| 8:44 | Ziggurat |
| 10:27 | Improved Creature Attack |
| 10:30 | Spirit Tower |
| 10:33 | Tomb of Relics |
| 10:54 | Spirit Tower |
| 10:57 | Web |
| 11:01 | Improved Creature Carapace |
| 11:11 | Slaughterhouse |
| 11:16 | Ziggurat |
| 11:35 | Spirit Tower |
| 11:37 | Crypt Fiend |
| 11:37 | Crypt Fiend |
| 11:38 | Crypt Fiend |
| 11:38 | Crypt Fiend |
| 12:16 | Spirit Tower |
| 12:18 | Scroll of Town Portal |
| 12:51 | Black Citadel |
| 14:02 | Gargoyle |
| 14:03 | Gargoyle |
| 14:03 | Gargoyle |
| 14:03 | Gargoyle |
| 15:18 | Acolyte |
| 15:19 | Acolyte |
| 15:21 | Disease Cloud |
| 16:16 | Boneyard |
| 16:44 | Abomination |
| 16:44 | Abomination |
| 16:44 | Abomination |
| 16:45 | Abomination |
| 17:10 | Crypt Fiend |
| 17:10 | Crypt Fiend |
| 17:10 | Crypt Fiend |
| 18:10 | Frost Wyrm |
| 18:10 | Frost Wyrm |
| 18:11 | Frost Wyrm |
| 18:11 | Frost Wyrm |
| 19:56 | Graveyard |
| 20:11 | Tomb of Relics |
| 20:18 | Ziggurat |
| 21:23 | Spirit Tower |
| 22:21 | Spiked Carapace |
| 22:59 | Ziggurat |
| 23:10 | Carrion Beetles |
| 23:14 | Freezing Breath |
| 23:17 | Gargoyle |
| 23:17 | Gargoyle |
| 23:18 | Gargoyle |
| 23:18 | Gargoyle |
| 23:18 | Gargoyle |
| 23:18 | Gargoyle |
| 23:18 | Gargoyle |
| 23:54 | Advanced Creature Attack |
| 24:49 | Gargoyle |
| 24:49 | Gargoyle |
| Right click | 267 |
| Select | 211 |
| Build/train/purchase | 77 |
| Use ability | 7 |
| Remove unit | 7 |
| Resource trade | 5 |
| Chat | 4 |

| Potion of Healing | 1 | 150 |
| Scroll of Town Portal | 3 | 1050 |
| Orb of Lightning | 1 | 375 |
| total: | 5 | 1575g |
| Wisp | 18 | 1080 | / | 0 |
| Archer | 16 | 2080 | / | 160 |
| Hippogryph | 12 | 1920 | / | 240 |
| Mountain Giant | 4 | 1400 | / | 400 |
| total: | 50 | 6480g | / | 800w |
| Altar of Elders | 1 | 180 | / | 50 |
| Moon Well | 7 | 1260 | / | 280 |
| Ancient of War | 2 | 300 | / | 120 |
| Hunter's Hall | 1 | 210 | / | 100 |
| Ancient of Wonders | 1 | 90 | / | 30 |
| Tree of Life | 1 | 340 | / | 185 |
| Ancient of Wind | 2 | 300 | / | 280 |
| Ancient of Lore | 2 | 310 | / | 290 |
| Tree of Ages | 1 | 320 | / | 180 |
| Tree of Eternity | 1 | 330 | / | 200 |
| total: | 17 | 2990g | / | 1335w |
| 0:23 | Wisp |
| 0:23 | Wisp |
| 0:28 | Altar of Elders |
| 0:31 | Moon Well |
| 0:35 | Wisp |
| 1:08 | Wisp |
| 1:13 | Ancient of War |
| 1:24 | Wisp |
| 1:44 | Wisp |
| 2:11 | Wisp |
| 2:15 | Archer |
| 2:19 | Moon Well |
| 2:31 | Shadow Strike |
| 2:45 | Archer |
| 3:05 | Archer |
| 4:10 | Tree of Ages |
| 4:12 | Archer |
| 4:12 | Archer |
| 4:12 | Archer |
| 5:03 | Archer |
| 5:21 | Moon Well |
| 5:24 | Moon Well |
| 5:27 | Archer |
| 5:31 | Hunter's Hall |
| 5:51 | Archer |
| 6:35 | Ancient of Wind |
| 6:50 | Ancient of Wind |
| 6:53 | Wisp |
| 6:54 | Wisp |
| 7:01 | Moon Well |
| 7:05 | Improved Bows |
| 7:07 | Strength of the Moon |
| 7:15 | Ancient of Wonders |
| 7:17 | Wisp |
| 7:18 | Wisp |
| 7:35 | Blink |
| 7:40 | Hippogryph |
| 8:15 | Hippogryph |
| 8:19 | Hippogryph |
| 8:27 | Wisp |
| 8:28 | Wisp |
| 8:30 | Hippogryph |
| 8:33 | Shadow Strike |
| 8:52 | Moon Armor |
| 9:05 | Potion of Healing |
| 9:17 | Hippogryph |
| 10:42 | Blink |
| 10:55 | Archer |
| 10:57 | Hippogryph |
| 10:58 | Archer |
| 11:02 | Ancient of War |
| 11:07 | Ancient of Lore |
| 11:32 | Moon Well |
| 11:38 | Archer |
| 11:39 | Archer |
| 11:58 | Archer |
| 12:32 | Tree of Eternity |
| 12:37 | Moon Well |
| 12:58 | Scroll of Town Portal |
| 13:57 | Orb of Lightning |
| 14:39 | Mountain Giant |
| 14:41 | Archer |
| 14:45 | Shadow Strike |
| 14:53 | Hippogryph |
| 15:08 | Hippogryph |
| 15:35 | Scroll of Town Portal |
| 16:04 | Tree of Life |
| 16:35 | Mountain Giant |
| 17:13 | Hardened Skin |
| 18:02 | Ancient of Lore |
| 18:14 | Mountain Giant |
| 18:17 | Hippogryph |
| 19:49 | Spirit of Vengeance |
| 20:07 | Well Spring |
| 20:09 | Mountain Giant |
| 20:19 | Archer |
| 20:23 | Hippogryph |
| 20:43 | Wisp |
| 20:44 | Wisp |
| 20:44 | Wisp |
| 20:44 | Wisp |
| 20:46 | Wisp |
| 21:22 | Hippogryph |
| 21:28 | Scroll of Town Portal |
| 23:34 | Hippogryph |
| 24:31 | Blink |
| Right click | 1012 |
| Select | 443 |
| Select group | 243 |
| Build/train/purchase | 125 |
| Chat | 77 |
| Use ability | 65 |
| Assign group | 38 |
| Minimap ping | 8 |
| Esc | 2 |
| Misc. action | 1 |
124 units @ 20.4k
/ 4.1k
42 buildings @ 7.2k
/ 2.9k

| Scroll of Town Portal | 1 | 350 |
| total: | 1 | 350g |
| Wisp | 13 | 780 | / | 0 |
| Archer | 4 | 520 | / | 40 |
| Huntress | 3 | 585 | / | 60 |
| Dryad | 1 | 145 | / | 60 |
| Druid of the Claw | 7 | 1785 | / | 560 |
| total: | 28 | 3815g | / | 720w |
| Altar of Elders | 1 | 180 | / | 50 |
| Moon Well | 6 | 1080 | / | 240 |
| Ancient of War | 2 | 300 | / | 120 |
| Hunter's Hall | 1 | 210 | / | 100 |
| Tree of Life | 1 | 340 | / | 185 |
| Ancient of Lore | 3 | 465 | / | 435 |
| Tree of Ages | 1 | 320 | / | 180 |
| Tree of Eternity | 1 | 330 | / | 200 |
| total: | 14 | 2575g | / | 1130w |
| 0:38 | Wisp |
| 0:39 | Wisp |
| 0:47 | Altar of Elders |
| 0:49 | Moon Well |
| 0:55 | Wisp |
| 1:06 | Wisp |
| 1:14 | Ancient of War |
| 1:19 | Wisp |
| 1:35 | Wisp |
| 1:53 | Wisp |
| 2:04 | Moon Well |
| 2:10 | Wisp |
| 2:28 | Wisp |
| 2:30 | Archer |
| 2:50 | Archer |
| 2:59 | Hunter's Hall |
| 3:05 | Archer |
| 3:11 | Fan of Knives |
| 4:51 | Huntress |
| 4:54 | Ancient of War |
| 4:56 | Wisp |
| 5:36 | Shadow Strike |
| 5:50 | Tree of Ages |
| 5:59 | Huntress |
| 7:15 | Moon Well |
| 7:16 | Moon Well |
| 7:49 | Sentinel |
| 8:19 | Ancient of Lore |
| 8:20 | Ancient of Lore |
| 8:21 | Ancient of Lore |
| 8:24 | Wisp |
| 8:24 | Wisp |
| 8:24 | Wisp |
| 8:25 | Strength of the Wild |
| 8:26 | Reinforced Hides |
| 8:27 | Moon Armor |
| 8:43 | Huntress |
| 8:43 | Moon Glaive |
| 8:52 | Blink |
| 9:02 | Moon Well |
| 9:06 | Moon Well |
| 9:54 | Dryad |
| 9:54 | Abolish Magic |
| 10:22 | Archer |
| 10:55 | Druid of the Claw |
| 10:56 | Druid of the Claw Adept Training |
| 11:51 | Druid of the Claw |
| 12:26 | Tree of Eternity |
| 13:53 | Druid of the Claw |
| 14:47 | Druid of the Claw Master Training |
| 14:52 | Fan of Knives |
| 15:20 | Improved Strength of the Wild |
| 15:53 | Mark of the Claw |
| 16:02 | Druid of the Claw |
| 18:01 | Advanced Strength of the Wild |
| 18:01 | Improved Reinforced Hides |
| 18:07 | Druid of the Claw |
| 18:47 | Shadow Strike |
| 19:48 | Druid of the Claw |
| 20:59 | Scroll of Town Portal |
| 21:14 | Tree of Life |
| 23:00 | Druid of the Claw |
| Right click | 641 |
| Select group | 474 |
| Select | 308 |
| Build/train/purchase | 81 |
| Use ability | 16 |
| Assign group | 15 |
| Misc. action | 14 |
| Minimap ping | 10 |
| Resource trade | 5 |
| Remove unit | 1 |

| Scroll of Town Portal | 1 | 350 |
| total: | 1 | 350g |
| Acolyte | 5 | 375 | / | 0 |
| Ghoul | 3 | 360 | / | 0 |
| Crypt Fiend | 12 | 2580 | / | 480 |
| Meat Wagon | 1 | 230 | / | 50 |
| Frost Wyrm | 10 | 3850 | / | 1200 |
| Obsidian Statue | 4 | 800 | / | 140 |
| total: | 35 | 8195g | / | 1870w |
| Nerubian Tower | 1 | 100 | / | 20 |
| Spirit Tower | 5 | 725 | / | 200 |
| Crypt | 1 | 200 | / | 50 |
| Ziggurat | 6 | 900 | / | 300 |
| Altar of Darkness | 1 | 180 | / | 50 |
| Graveyard | 1 | 215 | / | 0 |
| Tomb of Relics | 1 | 130 | / | 30 |
| Slaughterhouse | 1 | 140 | / | 135 |
| Boneyard | 1 | 175 | / | 200 |
| Halls of the Dead | 1 | 320 | / | 210 |
| Black Citadel | 1 | 325 | / | 230 |
| total: | 12 | 1940g | / | 765w |
| 0:08 | Acolyte |
| 0:17 | Crypt |
| 0:23 | Ziggurat |
| 0:30 | Altar of Darkness |
| 0:39 | Acolyte |
| 1:07 | Graveyard |
| 1:21 | Ghoul |
| 1:40 | Ziggurat |
| 1:49 | Ghoul |
| 2:01 | Ghoul |
| 2:22 | Ziggurat |
| 2:32 | Death Coil |
| 3:04 | Crypt Fiend |
| 3:10 | Creature Attack |
| 3:49 | Crypt Fiend |
| 4:28 | Halls of the Dead |
| 4:30 | Crypt Fiend |
| 4:34 | Creature Carapace |
| 5:08 | Crypt Fiend |
| 5:19 | Nerubian Tower |
| 5:35 | Spirit Tower |
| 5:37 | Spirit Tower |
| 6:07 | Unholy Aura |
| 6:19 | Crypt Fiend |
| 6:24 | Ziggurat |
| 6:50 | Slaughterhouse |
| 6:53 | Black Citadel |
| 7:05 | Web |
| 7:27 | Spirit Tower |
| 8:05 | Improved Creature Attack |
| 8:31 | Unholy Aura |
| 8:41 | Meat Wagon |
| 8:47 | Tomb of Relics |
| 8:49 | Improved Creature Carapace |
| 9:21 | Boneyard |
| 9:53 | Crypt Fiend |
| 10:59 | Frost Wyrm |
| 11:35 | Freezing Breath |
| 11:35 | Frost Wyrm |
| 11:43 | Obsidian Statue |
| 11:52 | Ziggurat |
| 12:40 | Death Coil |
| 13:53 | Crypt Fiend |
| 13:53 | Crypt Fiend |
| 14:34 | Frost Wyrm |
| 14:35 | Frost Wyrm |
| 14:45 | Spirit Tower |
| 15:04 | Advanced Creature Attack |
| 15:12 | Obsidian Statue |
| 15:44 | Ziggurat |
| 17:26 | Acolyte |
| 17:30 | Frost Wyrm |
| 17:55 | Unholy Aura |
| 19:24 | Frost Wyrm |
| 19:24 | Frost Wyrm |
| 19:26 | Acolyte |
| 19:26 | Acolyte |
| 19:47 | Obsidian Statue |
| 20:40 | Scroll of Town Portal |
| 20:49 | Crypt Fiend |
| 20:50 | Crypt Fiend |
| 21:15 | Frost Wyrm |
| 22:45 | Frost Wyrm |
| 22:45 | Frost Wyrm |
| 22:47 | Crypt Fiend |
| 23:18 | Obsidian Statue |
| 23:24 | Crypt Fiend |
| 24:32 | Animate Dead |
| 24:52 | Spirit Tower |
| Right click | 263 |
| Select group | 251 |
| Select | 144 |
| Build/train/purchase | 65 |
| Misc. action | 59 |
| Assign group | 21 |
| Use ability | 14 |
| Minimap ping | 12 |

| Boots of Speed | 1 | 250 |
| Orb of Corruption | 1 | 375 |
| total: | 2 | 625g |
| Wisp | 11 | 660 | / | 0 |
| Archer | 6 | 780 | / | 60 |
| Huntress | 6 | 1170 | / | 120 |
| Faerie Dragon | 17 | 2635 | / | 425 |
| Dryad | 13 | 1885 | / | 780 |
| Hippogryph | 8 | 1280 | / | 160 |
| total: | 61 | 8410g | / | 1545w |
| Ancient Protector | 2 | 270 | / | 160 |
| Altar of Elders | 1 | 180 | / | 50 |
| Moon Well | 8 | 1440 | / | 320 |
| Ancient of War | 1 | 150 | / | 60 |
| Hunter's Hall | 1 | 210 | / | 100 |
| Ancient of Wonders | 1 | 90 | / | 30 |
| Ancient of Wind | 1 | 150 | / | 140 |
| Ancient of Lore | 1 | 155 | / | 145 |
| Tree of Ages | 3 | 960 | / | 540 |
| total: | 16 | 2645g | / | 1005w |
| 0:03 | Wisp |
| 0:03 | Wisp |
| 0:03 | Wisp |
| 0:10 | Altar of Elders |
| 0:18 | Moon Well |
| 0:24 | Wisp |
| 0:39 | Wisp |
| 0:47 | Ancient of War |
| 0:51 | Wisp |
| 0:52 | Wisp |
| 0:52 | Wisp |
| 1:23 | Wisp |
| 1:33 | Moon Well |
| 1:44 | Wisp |
| 1:48 | Archer |
| 1:51 | Wisp |
| 2:03 | Moon Well |
| 2:23 | Hunter's Hall |
| 2:27 | Shadow Strike |
| 2:33 | Archer |
| 2:50 | Archer |
| 3:06 | Moon Well |
| 3:16 | Archer |
| 3:16 | Archer |
| 3:16 | Archer |
| 3:40 | Huntress |
| 3:40 | Huntress |
| 4:06 | Huntress |
| 4:12 | Blink |
| 4:51 | Tree of Ages |
| 4:53 | Huntress |
| 4:53 | Huntress |
| 5:10 | Moon Well |
| 5:15 | Ultravision |
| 5:53 | Boots of Speed |
| 6:23 | Ancient of Wonders |
| 6:32 | Reinforced Hides |
| 6:32 | Strength of the Wild |
| 6:33 | Improved Strength of the Wild |
| 7:09 | Huntress |
| 7:14 | Ancient of Wind |
| 7:20 | Ancient of Lore |
| 7:25 | Shadow Strike |
| 7:44 | Strength of the Moon |
| 7:44 | Improved Strength of the Moon |
| 7:44 | Moon Armor |
| 8:25 | Faerie Dragon |
| 8:26 | Faerie Dragon |
| 8:26 | Faerie Dragon |
| 8:26 | Faerie Dragon |
| 8:59 | Dryad |
| 8:59 | Dryad |
| 9:00 | Dryad |
| 9:22 | Dryad |
| 9:24 | Faerie Dragon |
| 10:39 | Blink |
| 10:51 | Moon Well |
| 11:13 | Moon Well |
| 11:27 | Moon Well |
| 11:47 | Faerie Dragon |
| 11:47 | Faerie Dragon |
| 12:00 | Dryad |
| 12:55 | Faerie Dragon |
| 12:55 | Faerie Dragon |
| 12:57 | Dryad |
| 12:57 | Dryad |
| 14:13 | Shadow Strike |
| 14:38 | Ancient Protector |
| 14:46 | Ancient Protector |
| 14:53 | Dryad |
| 14:56 | Faerie Dragon |
| 14:56 | Faerie Dragon |
| 15:28 | Hippogryph |
| 15:29 | Hippogryph |
| 15:29 | Hippogryph |
| 15:29 | Hippogryph |
| 15:53 | Dryad |
| 15:54 | Dryad |
| 16:14 | Hippogryph |
| 16:40 | Orb of Corruption |
| 17:06 | Dryad |
| 17:10 | Faerie Dragon |
| 17:10 | Faerie Dragon |
| 17:10 | Faerie Dragon |
| 17:56 | Faerie Dragon |
| 17:56 | Faerie Dragon |
| 18:17 | Faerie Dragon |
| 18:20 | Improved Reinforced Hides |
| 19:44 | Hippogryph |
| 19:44 | Hippogryph |
| 19:44 | Hippogryph |
| 19:48 | Dryad |
| 19:48 | Dryad |
| 21:42 | Spirit of Vengeance |
| Right click | 2354 |
| Select group | 552 |
| Select | 526 |
| Misc. action | 199 |
| Build/train/purchase | 121 |
| Use ability | 54 |
| Minimap ping | 50 |
| Assign group | 32 |
| Item give/drop | 1 |
⇛